[Event "Championnat de France Alpe d'Huez 2023 "]
[Site "ALPE D'HUEZ, France"]
[Date "2023.08.19"]
[Round "1.18"]
[White "PAUGAM, Soren"]
[Black "DELUCHEY , Jean-Philippe"]
[Result "1-0"]
[ECO "B22"]
[WhiteElo "1399"]
[BlackElo "1587"]
[PlyCount "77"]
[EventDate "2023.08.??"]
[TimeControl "1/40+30:0"]

1. e4 {3} c5 {8} 2. Nf3 {13} d6 {10} 3. c3 {25} Nf6 {34} 4. e5 {118} Nd5 {71}
5. d4 {94} cxd4 {51} 6. cxd4 {94} Nc6 {54} 7. Bc4 {159} e6 {209} 8. O-O {91}
Be7 {87} 9. Re1 {115} O-O {136} 10. Na3 {351} a6 {185} 11. Nc2 {147} Nb6 {310}
12. Bd3 {216} f5 {485} 13. Qe2 {160} Bd7 {446} 14. Bd2 {300} Nd5 {160} 15. a3 {
367} Rc8 {177} 16. Ne3 {110} Nf4 {123} 17. Qf1 {219} Nxd3 {92} 18. Qxd3 {37}
Qb6 {267} 19. Nc4 {102} Qc7 {110} 20. exd6 {381} Bxd6 {37} 21. Rac1 {207} Qb8 {
301} 22. Nce5 {262} Bxe5 {371} 23. Rxc6 {190} Bxh2+ {419} 24. Nxh2 {115} Rxc6 {
33} 25. Nf3 {79} Rb6 {334} 26. Ne5 {222} Bb5 {107} 27. Qb3 {86} Rd6 {877} 28.
Bb4 {254} Rd5 {1} 29. Bxf8 {110} Qxf8 {46} 30. Nf3 {133} Qf6 {176} 31. Qe3 {271
} Rd6 {138} 32. Qf4 {140} Qe7 {68} 33. Qe5 {189} Bd7 {176} 34. d5 {130} Rxd5 {
63} 35. Qxd5 {45} exd5 {114} 36. Rxe7 {17} Bc6 {26} 37. Ne5 {24} g6 {81} 38.
Nxc6 {26} bxc6 {3} 39. Rc7 {22} 1-0

[Event "Championnat de France Alpe d'Huez 2023 "]
[Site "ALPE D'HUEZ, France"]
[Date "2023.08.19"]
[Round "1.19"]
[White "MINDE, Baptiste"]
[Black "TOMAS, Maureen"]
[Result "1-0"]
[ECO "D00"]
[WhiteElo "1579"]
[BlackElo "1399"]
[PlyCount "121"]
[EventDate "2023.08.??"]
[TimeControl "1/40+30:0"]

1. d4 {1} d5 {10} 2. Bf4 {15} Nf6 {13} 3. e3 {9} g6 {11} 4. Bd3 {64} Bg7 {20}
5. Nf3 {84} O-O {35} 6. Nbd2 {62} Nbd7 {18} 7. h4 {565} h5 {42} 8. Nh2 {280}
Nb6 {338} 9. c3 {280} Bd7 {293} 10. f3 {1215} Rc8 {196} 11. g4 {398} c5 {264}
12. Rg1 {698} cxd4 {492} 13. exd4 {52} Re8 {225} 14. Be5 {175} e6 {291} 15. Qe2
{403} Ba4 {538} 16. Kf1 {414} Nbd7 {88} 17. f4 {238} Bc6 {438} 18. gxh5 {110}
Nxe5 {337} 19. fxe5 {103} Nxh5 {301} 20. Qg4 {122} Rf8 {319} 21. Ke2 {106} Qe7
{177} 22. Raf1 {65} a6 {153} 23. Rf2 {170} Bb5 {96} 24. Bxb5 {17} axb5 {9} 25.
Nhf1 {32} Kh7 {210} 26. Ng3 {30} f5 {143} 27. Qh3 {68} Rg8 {169} 28. Nxh5 {75}
gxh5 {9} 29. Rg5 {46} Qf7 {98} 30. Qf3 {42} Kh6 {101} 31. Rfg2 {122} Bh8 {80}
32. Qf4 {24} Rxg5 {183} 33. hxg5+ {45} Kg6 {66} 34. Nf3 {11} Rg8 {139} 35. Nh4+
{35} Kg7 {19} 36. g6 {8} Qe7 {26} 37. Rg5 {42} Kf8 {177} 38. g7+ {39} Rxg7 {54}
39. Ng6+ {6} Rxg6 {27} 40. Rxg6 {5} Bg7 {35} 41. Qg5 {102} Qxg5 {232} 42. Rxg5
{16} Kf7 {47} 43. Rxh5 {38} Kg6 {9} 44. Rh1 {25} Bh6 {14} 45. Kf3 {31} b6 {72}
46. a4 {29} bxa4 {27} 47. Rb1 {50} b5 {60} 48. Ke2 {129} Bf8 {36} 49. b3 {15}
Be7 {457} 50. Kd3 {337} f4 {197} 51. c4 {61} bxc4+ {205} 52. bxc4 {4} dxc4+ {
137} 53. Kxc4 {4} a3 {108} 54. d5 {36} exd5+ {50} 55. Kxd5 {4} f3 {136} 56. Ke4
{57} f2 {58} 57. Rf1 {60} Bc5 {117} 58. Kd5 {15} Bb4 {491} 59. Rxf2 {25} Bc5 {
192} 60. Rf1 Bb4 61. Ke4 {7} 1-0

[Event "Championnat de France Alpe d'Huez 2023 "]
[Site "ALPE D'HUEZ, France"]
[Date "2023.08.19"]
[Round "1.20"]
[White "ROY, Suvrojita"]
[Black "RAVENEL, Tangi"]
[Result "1-0"]
[ECO "B35"]
[WhiteElo "1398"]
[BlackElo "1555"]
[PlyCount "45"]
[EventDate "2023.08.??"]
[TimeControl "1/40+30:0"]

1. e4 {3} c5 {9} 2. Nf3 {10} Nc6 {11} 3. d4 {21} cxd4 {7} 4. Nxd4 {7} g6 {3} 5.
Nc3 {47} Bg7 {13} 6. Be3 {108} Nf6 {43} 7. Bc4 {204} O-O {655} 8. Bb3 {299} Qa5
{492} 9. O-O {136} d6 {70} 10. h3 {85} Bd7 {452} 11. f4 {394} Rfc8 {542} 12.
Qf3 {648} Qd8 {278} 13. Rad1 {601} a6 {1026} 14. Nxc6 {949} Bxc6 {44} 15. f5 {
130} b5 {237} 16. fxg6 {446} hxg6 {101} 17. Qg3 {347} Qc7 {533} 18. Qxg6 {113}
e6 {112} 19. Qg3 {413} Nxe4 {315} 20. Nxe4 {38} Bxe4 {73} 21. Bh6 {195} Bg6 {
152} 22. Bxe6 {107} Bxh6 {146} 23. Qxg6+ {46} 1-0

[Event "Championnat de France Alpe d'Huez 2023 "]
[Site "ALPE D'HUEZ, France"]
[Date "2023.08.20"]
[Round "2.17"]
[White "MOREL CARROT, Gabriel"]
[Black "FERRANDI, Bernard"]
[Result "1-0"]
[ECO "A88"]
[WhiteElo "1433"]
[BlackElo "1596"]
[PlyCount "93"]
[EventDate "2023.08.??"]
[TimeControl "1/40+30:0"]

1. d4 {6} f5 {10} 2. c4 {22} g6 {10} 3. Nc3 {21} Nf6 {8} 4. Nf3 {25} Bg7 {10}
5. g3 {21} c6 {45} 6. Bg2 {36} d6 {15} 7. O-O {26} O-O {9} 8. Bf4 {70} Kh8 {29}
9. h4 {27} Be6 {88} 10. Qb3 {130} Qc7 {19} 11. Rfd1 {43} Bg8 {72} 12. Rac1 {59}
Nbd7 {30} 13. d5 {584} Rad8 {353} 14. Nd4 {328} Nc5 {336} 15. Qb4 {214} e5 {92}
16. dxe6 {29} Rfe8 {642} 17. Nxc6 {981} bxc6 {78} 18. Qxc5 {344} dxc5 {233} 19.
Bxc7 {56} Rd4 {257} 20. b3 {119} Rxe6 {38} 21. e3 {36} Rxd1+ {22} 22. Nxd1 {252
} Ne8 {183} 23. Bf4 {53} Bf6 {360} 24. Nc3 {111} Kg7 {22} 25. Na4 {23} Be7 {27}
26. Rd1 {47} Nf6 {54} 27. Kf1 {78} h6 {61} 28. Bb8 {194} a6 {12} 29. Ba7 {46}
g5 {110} 30. hxg5 {36} hxg5 {6} 31. Bxc5 {13} Kf8 {73} 32. Bxe7+ {111} Kxe7 {9}
33. Nc5 {15} Re5 {29} 34. Nxa6 {40} Ra5 {167} 35. Nb4 {108} Ra3 {103} 36. Nxc6+
{64} Ke8 {82} 37. Rd2 {95} Be6 {30} 38. Ke2 {133} Nh5 {82} 39. Bf3 {38} Nf6 {77
} 40. Rd8+ {343} Kf7 {11} 41. Ne5+ {40} Ke7 {118} 42. Ra8 {21} Rxa8 {18} 43.
Bxa8 {6} Kd6 {28} 44. Nd3 {21} Ne4 {49} 45. Bxe4 {49} fxe4 {10} 46. Nb2 {17}
Kc5 {19} 47. a3 {13} 1-0

[Event "Championnat de France Alpe d'Huez 2023 "]
[Site "ALPE D'HUEZ, France"]
[Date "2023.08.20"]
[Round "2.18"]
[White "CHEVILLON, Celia"]
[Black "MINDE, Baptiste"]
[Result "1-0"]
[ECO "C06"]
[WhiteElo "1427"]
[BlackElo "1579"]
[PlyCount "95"]
[EventDate "2023.08.??"]
[TimeControl "1/40+30:0"]

1. e4 {0} e6 {7} 2. d4 {11} d5 {5} 3. Nd2 {38} Nf6 {21} 4. e5 {58} Nfd7 {6} 5.
Bd3 {98} c5 {51} 6. c3 {77} Nc6 {46} 7. Ne2 {132} cxd4 {155} 8. cxd4 {127} f6 {
120} 9. exf6 {232} Nxf6 {49} 10. Nf3 {286} Bd6 {76} 11. O-O {511} O-O {256} 12.
Re1 {421} Qc7 {106} 13. Ng3 {451} Bd7 {174} 14. Bd2 {445} Qb6 {491} 15. Bc3 {
185} Bf4 {901} 16. a3 {415} a5 {282} 17. Re2 {317} Kh8 {342} 18. Bc2 {264} Rac8
{430} 19. Qe1 {735} Ra8 {441} 20. Qd1 {148} Na7 {425} 21. Ne5 {220} Nb5 {178}
22. Nxd7 {107} Nxd7 {6} 23. Qd3 {61} Nf6 {31} 24. Nh5 {126} Ne4 {123} 25. f3 {
142} Ng5 {151} 26. h4 {60} Nxf3+ {36} 27. gxf3 {33} g6 {15} 28. Nxf4 {49} Rxf4
{6} 29. Rd1 {161} Raf8 {33} 30. Re3 {129} Rxh4 {43} 31. a4 {89} Qd8 {103} 32.
Rd2 {125} Qg5+ {42} 33. Rg2 {28} Qh5 {18} 34. axb5 {91} Rh1+ {17} 35. Kf2 {6}
Qh4+ {8} 36. Ke2 {21} Qh3 {32} 37. Rf2 {43} Rf5 {124} 38. Kd2 {42} Qg3 {108}
39. Ree2 {54} Qg1 {31} 40. Ke3 {50} Qg3 {97} 41. Re1 {31} Rh2 {59} 42. Ref1 {34
} Rxf3+ {154} 43. Rxf3 {163} Qg5+ {9} 44. Rf4 {46} Qg3+ {31} 45. R1f3 {264}
Qg1+ {23} 46. Rf2 {34} Rh3+ {14} 47. R4f3 {57} Rh2 {38} 48. Qf1 {183} 1-0

[Event "Championnat de France Alpe d'Huez 2023 "]
[Site "ALPE D'HUEZ, France"]
[Date "2023.08.20"]
[Round "2.19"]
[White "LIN, Jacky"]
[Black "DUROY, Luca"]
[Result "1-0"]
[ECO "C01"]
[WhiteElo "1419"]
[BlackElo "1548"]
[PlyCount "95"]
[EventDate "2023.08.??"]
[TimeControl "1/40+30:0"]

1. e4 {3} e6 {12} 2. d4 {10} d5 {6} 3. exd5 {11} exd5 {6} 4. Bd3 {19} Nc6 {9}
5. c3 {11} Bd6 {24} 6. Qf3 {14} Nge7 {47} 7. Ne2 {14} Be6 {51} 8. O-O {8} Qd7 {
47} 9. h3 {26} h5 {318} 10. Bf4 {41} O-O-O {87} 11. a4 {44} Rdg8 {103} 12. Bxd6
{87} Qxd6 {33} 13. Nf4 {26} g5 {59} 14. Nxe6 {28} fxe6 {49} 15. Qg3 {62} e5 {
572} 16. dxe5 {290} Nxe5 {30} 17. Na3 {56} Nxd3 {439} 18. Qxd3 {7} c6 {150} 19.
Rfe1 {226} Ng6 {303} 20. Nc4 {613} Qc7 {188} 21. Qf5+ {25} Kb8 {29} 22. Ne5 {34
} Nxe5 {84} 23. Rxe5 {117} g4 {172} 24. h4 {18} Rf8 {62} 25. Qg5 {97} Qb6 {92}
26. Re2 {86} Rfg8 {451} 27. Qf4+ {37} Qc7 {166} 28. Re5 {184} Rf8 {240} 29. Qg3
{48} a6 {231} 30. Rae1 {38} Ka7 {181} 31. b4 {161} Rd8 {212} 32. a5 {338} c5 {
98} 33. Qd3 {39} cxb4 {305} 34. Qd4+ {56} Kb8 {15} 35. Qxb4 {22} Qd6 {356} 36.
Qd4 {60} Qc6 {147} 37. Re7 {87} Rhg8 {280} 38. Rb1 {511} Rd7 {91} 39. Rb6 {44}
Qc7 {39} 40. Ree6 {24} g3 {182} 41. Rec6 {179} Re7 {138} 42. Kf1 {63} Rge8 {69}
43. Qd2 {156} Re1+ {81} 44. Qxe1 {8} Rxe1+ {4} 45. Kxe1 {6} gxf2+ {14} 46. Kxf2
{20} Qxc6 {9} 47. Rxc6 {9} bxc6 {4} 48. g4 {29} 1-0

[Event "Championnat de France Alpe d'Huez 2023 "]
[Site "ALPE D'HUEZ, France"]
[Date "2023.08.20"]
[Round "2.20"]
[White "BERGONZOLI, Nathan"]
[Black "AZEN, Bernard"]
[Result "1-0"]
[ECO "A13"]
[WhiteElo "1547"]
[BlackElo "1413"]
[PlyCount "112"]
[EventDate "2023.08.??"]
[TimeControl "1/40+30:0"]

1. Nf3 {2} e6 {30} 2. c4 {14} c5 {161} 3. Nc3 {93} Nc6 {43} 4. d4 {85} cxd4 {
102} 5. Nxd4 {8} a6 {41} 6. e4 {302} Qb6 {91} 7. Nb3 {75} Bb4 {361} 8. Qd3 {
1004} Nf6 {289} 9. Be3 {170} Qc7 {25} 10. Rc1 {901} O-O {15} 11. Be2 {28} Ne5 {
101} 12. Qd4 {10} d6 {211} 13. f3 {485} Nc6 {163} 14. Qd2 {320} e5 {64} 15. a3
{48} Bxc3 {74} 16. Rxc3 {10} Be6 {15} 17. O-O {20} Rad8 {29} 18. Rd1 {25} Ne7 {
216} 19. Na1 {139} Ne8 {237} 20. Nc2 {23} f5 {60} 21. Nb4 {276} f4 {80} 22. Bf2
{18} g5 {178} 23. Nd5 {40} Qd7 {35} 24. Nb6 {293} Qc7 {72} 25. Rd3 {484} Nc8 {
151} 26. Nxc8 {29} Qxc8 {28} 27. c5 {73} d5 {421} 28. exd5 {13} Bf5 {27} 29.
Rc3 {101} Nf6 {34} 30. d6 {124} Kg7 {33} 31. Bd3 {87} Be6 {78} 32. Re1 {106}
Nd7 {165} 33. Qc2 {16} Rh8 {58} 34. Bf5 {21} Rde8 {23} 35. b4 {268} h5 {34} 36.
Bxe6 {401} Rxe6 {9} 37. Qf5 {5} Qe8 {66} 38. Qxg5+ {174} Rg6 {11} 39. Qe7+ {8}
Kh6 {38} 40. Rc2 {165} Rhg8 {86} 41. Bh4 {13} Qc8 {85} 42. Ree2 {144} R8g7 {71}
43. Qd8 {6} Qc6 {41} 44. Be7 {72} Qxf3 {366} 45. Qxd7 {8} Rxg2+ {28} 46. Rxg2 {
20} Qd1+ {8} 47. Kf2 {10} Qxc2+ {13} 48. Ke1 {10} Qc1+ {129} 49. Ke2 {9} Rxg2+
{51} 50. Kf3 {72} Qf1+ {9} 51. Ke4 {13} Re2+ {8} 52. Kd5 {81} Rd2+ {21} 53.
Kxe5 {12} Re2+ {41} 54. Kf6 {8} Qa1+ {22} 55. Kf7 {48} Qg7+ {21} 56. Ke8 {3}
Qg8# {19} 1-0

[Event "Championnat de France Alpe d'Huez 2023 "]
[Site "ALPE D'HUEZ, France"]
[Date "2023.08.21"]
[Round "3.17"]
[White "CHEVILLON, Manon"]
[Black "MOREL CARROT, Gabriel"]
[Result "1-0"]
[ECO "C05"]
[WhiteElo "1526"]
[BlackElo "1433"]
[PlyCount "145"]
[EventDate "2023.08.??"]
[TimeControl "1/40+30:0"]

1. e4 {9} e6 {33} 2. d4 {65} d5 {39} 3. Nd2 {56} Nf6 {42} 4. Bd3 {116} b6 {128}
5. c3 {212} c5 {122} 6. e5 {231} Nfd7 {128} 7. Ne2 {227} Ba6 {107} 8. Bc2 {551}
Nc6 {310} 9. Nf3 {121} Be7 {275} 10. O-O {160} Qc7 {141} 11. Re1 {213} O-O-O {
131} 12. Bd2 {908} Rdg8 {265} 13. Ba4 {404} g5 {260} 14. Bxc6 {307} Qxc6 {9}
15. Kh1 {274} g4 {104} 16. Nfg1 {57} h5 {74} 17. h3 {339} gxh3 {251} 18. Nxh3 {
70} Rg7 {154} 19. Nef4 {137} h4 {174} 20. b4 {205} cxd4 {119} 21. cxd4 {54} Bc4
{28} 22. a4 {82} Rhg8 {96} 23. Qc1 {184} a6 {442} 24. Qb2 {122} Qc7 {194} 25.
Rec1 {129} Kb8 {105} 26. Rc3 {71} Nf8 {192} 27. Rg1 {59} Ng6 {94} 28. Nxg6 {78}
Rxg6 {147} 29. Rf3 {90} Bd8 {54} 30. Qc3 {108} Ka8 {212} 31. Re3 {70} Qe7 {172}
32. Ree1 {112} Qf8 {44} 33. Qf3 {119} Qg7 {53} 34. Rc1 {216} Kb8 {10} 35. Rce1
{51} Rg4 {255} 36. Bf4 {136} Qh7 {98} 37. Rc1 {60} Qf5 {58} 38. Qe3 {62} Be7 {
130} 39. b5 {82} a5 {8} 40. Qf3 {43} Bb4 {71} 41. Qe3 {663} Qg6 {418} 42. g3 {
237} hxg3 {48} 43. Rxg3 {98} Rxg3 {23} 44. Bxg3 {139} Qh5 {31} 45. Kg2 {60} Qf5
{148} 46. Nf4 {93} Rh8 {138} 47. Rh1 {245} Rxh1 {26} 48. Kxh1 {7} Qe4+ {5} 49.
Qxe4 {59} dxe4 {6} 50. Nh3 {267} Bxb5 {304} 51. axb5 {103} a4 {11} 52. Bf4 {73}
a3 {27} 53. Bc1 {33} a2 {3} 54. Bb2 {20} Ba3 {72} 55. Ba1 {31} Bc1 {16} 56. Kg2
{45} Kc7 {16} 57. Ng1 {66} Kd7 {34} 58. Ne2 {26} Bd2 {17} 59. Nc3 {57} Bxc3 {19
} 60. Bxc3 {4} Ke7 {12} 61. Kg3 {21} f6 {23} 62. exf6+ {14} Kxf6 {10} 63. Kf4 {
11} e3 {48} 64. fxe3 {14} e5+ {3} 65. dxe5+ {33} Ke6 {2} 66. e4 {50} Ke7 {16}
67. Kf5 {33} Kf7 {7} 68. e6+ {60} Ke7 {8} 69. Ke5 {23} Ke8 {15} 70. Kd6 {34}
Kd8 {18} 71. e7+ {64} Ke8 {14} 72. Ba1 {56} Kf7 {15} 73. Kd7 {27} 1-0

[Event "Championnat de France Alpe d'Huez 2023 "]
[Site "ALPE D'HUEZ, France"]
[Date "2023.08.21"]
[Round "3.18"]
[White "EL KAROUI, Noe"]
[Black "CHEVILLON, Celia"]
[Result "1-0"]
[ECO "C60"]
[WhiteElo "1500"]
[BlackElo "1427"]
[PlyCount "77"]
[EventDate "2023.08.??"]
[TimeControl "1/40+30:0"]

1. e4 {0} e5 {8} 2. Nf3 {6} Nc6 {17} 3. Bb5 {8} g6 {102} 4. O-O {30} Bg7 {45}
5. Re1 {85} Nge7 {138} 6. c3 {190} d6 {162} 7. d4 {76} Bd7 {135} 8. d5 {35} Nb8
{74} 9. Bd3 {13} O-O {115} 10. c4 {58} h6 {117} 11. Nc3 {752} f5 {284} 12. c5 {
20} fxe4 {906} 13. Bxe4 {63} Nf5 {179} 14. cxd6 {147} cxd6 {74} 15. Qd3 {76}
Na6 {287} 16. Be3 {17} Qf6 {205} 17. Rad1 {323} Rfc8 {335} 18. a3 {368} Nc5 {
147} 19. Bxc5 {122} Rxc5 {68} 20. Qe2 {241} Rf8 {380} 21. Bb1 {65} Qf7 {304}
22. Ne4 {18} Bb5 {445} 23. Qd2 {139} Rc7 {119} 24. Qb4 {488} Qd7 {250} 25. h3 {
410} Rc4 {270} 26. Qb3 {17} Rfc8 {113} 27. Nc3 {72} R4c5 {215} 28. g4 {412} Ne7
{266} 29. Nh4 {56} Kh7 {121} 30. Nxb5 {197} Qxb5 {61} 31. Qe3 {15} Rxd5 {228}
32. Nxg6 {34} Nxg6 {59} 33. Qe4 {22} Rdc5 {132} 34. Qxg6+ {10} Kg8 {12} 35.
Rxd6 {107} R5c6 {49} 36. Qh7+ {33} Kf8 {2} 37. Rd7 {26} Rf6 {76} 38. Qxg7+ {11}
Ke8 {3} 39. Qe7# {12} 1-0

[Event "Championnat de France Alpe d'Huez 2023 "]
[Site "ALPE D'HUEZ, France"]
[Date "2023.08.21"]
[Round "3.19"]
[White "AZEN, Bernard"]
[Black "DECOTTE, Thomas"]
[Result "0-1"]
[ECO "A46"]
[WhiteElo "1413"]
[BlackElo "1496"]
[PlyCount "52"]
[EventDate "2023.08.??"]
[TimeControl "1/40+30:0"]

1. Nf3 {2} Nf6 {13} 2. d4 {7} e6 {28} 3. g3 {5} c5 {19} 4. c3 {13} Nc6 {43} 5.
Bg2 {6} d5 {72} 6. O-O {11} Be7 {87} 7. Re1 {25} O-O {16} 8. Nbd2 {26} Qb6 {103
} 9. Qb3 {359} Bd8 {165} 10. e3 {391} Bc7 {95} 11. c4 {188} cxd4 {273} 12. cxd5
{78} dxe3 {159} 13. Rxe3 {27} Nxd5 {26} 14. Nc4 {46} Qc5 {153} 15. Re4 {54} Nf6
{136} 16. Be3 {80} Qe7 {14} 17. Rh4 {63} e5 {42} 18. a3 {93} Rb8 {95} 19. Qc2 {
13} g6 {276} 20. b4 {24} Bf5 {17} 21. Qb3 {130} Rfd8 {115} 22. Qa4 {143} b5 {
166} 23. Qa6 {38} Qe8 {66} 24. Nfxe5 {157} Nxe5 {236} 25. Qxf6 {53} Nxc4 {34}
26. Bh6 {11} Be5 {9} 0-1

[Event "Championnat de France Alpe d'Huez 2023 "]
[Site "ALPE D'HUEZ, France"]
[Date "2023.08.21"]
[Round "3.20"]
[White "NOUCHI, Olivier"]
[Black "LIN, Jacky"]
[Result "1-0"]
[ECO "D00"]
[WhiteElo "1488"]
[BlackElo "1419"]
[PlyCount "121"]
[EventDate "2023.08.??"]
[TimeControl "1/40+30:0"]

1. d4 {15} d5 {41} 2. Nc3 {6} Nf6 {7} 3. Bf4 {5} c6 {38} 4. e3 {50} Bf5 {56} 5.
Nf3 {11} e6 {37} 6. Ne5 {141} Bb4 {52} 7. Bd3 {73} Be4 {250} 8. O-O {44} O-O {
47} 9. Nxe4 {139} Nxe4 {95} 10. c3 {38} Be7 {63} 11. f3 {21} Nd6 {27} 12. Qc2 {
142} f5 {84} 13. Rae1 {299} Bg5 {341} 14. Bg3 {91} Bh4 {8} 15. Qf2 {297} Be7 {
432} 16. c4 {0} Ne4 {159} 17. fxe4 {216} fxe4 {8} 18. Nf7 {381} Qe8 {7} 19. Be2
{6} Qxf7 {192} 20. Qxf7+ {238} Rxf7 {98} 21. Bg4 {9} Bf6 {868} 22. Bxe6 {56}
Kf8 {14} 23. Bd6+ {233} Ke8 {10} 24. cxd5 {90} cxd5 {61} 25. Rf5 {76} Rd7 {111}
26. Bxd7+ {120} Kxd7 {19} 27. Bxb8 {12} Rxb8 {72} 28. Rxd5+ {6} Ke6 {7} 29. Rc5
{34} h6 {131} 30. Kf1 {167} b6 {62} 31. Rc7 {46} a5 {8} 32. Ke2 {52} b5 {25}
33. Rec1 {78} a4 {50} 34. Rc8 {172} Rxc8 {69} 35. Rc4 {2} Rc7 36. Rxc7 {0} Be7
{11} 37. Rc8 {0} Kf6 {272} 38. Ra8 {0} Bd6 {35} 39. Ra6 {51} Ke7 {6} 40. h3 {23
} Bc7 {22} 41. a3 {30} h5 {36} 42. Rg6 {33} Kf7 {44} 43. Rg5 {9} g6 {6} 44.
Rxb5 {5} Kf6 {9} 45. Rb4 {51} Kg5 {7} 46. Rxa4 {78} Kh4 {11} 47. Rc4 {145} Bd6
{14} 48. Rc6 {23} Be7 {104} 49. Re6 {116} Bg5 {27} 50. Rxg6 {36} Bxe3 {18} 51.
g3+ {19} Kxh3 {7} 52. Kxe3 {33} Kg2 {11} 53. d5 {34} Kh2 {7} 54. d6 {4} Kg2 {6}
55. d7 {8} Kh3 {1} 56. d8=Q {13} Kh2 {4} 57. Qd2+ {30} Kh3 {6} 58. Qe1 {9} Kg2
{9} 59. Rh6 {80} h4 {16} 60. Qf2+ {30} Kh3 {6} 61. Rxh4# {20} 1-0

[Event "Championnat de France Alpe d'Huez 2023 "]
[Site "ALPE D'HUEZ, France"]
[Date "2023.08.22"]
[Round "4.17"]
[White "BARBAGGI, Sasha"]
[Black "CHEVILLON, Manon"]
[Result "1-0"]
[ECO "C56"]
[WhiteElo "1457"]
[BlackElo "1526"]
[PlyCount "131"]
[EventDate "2023.08.??"]
[TimeControl "1/40+30:0"]

1. e4 {23} e5 {0} 2. Nf3 {9} Nc6 {22} 3. Bc4 {8} Nf6 {45} 4. d4 {15} exd4 {313}
5. O-O {15} Nxe4 {152} 6. Re1 {21} d5 {51} 7. Bxd5 {44} Qxd5 {18} 8. Nc3 {21}
Qa5 {104} 9. Nxe4 {91} Be6 {114} 10. Neg5 {105} O-O-O {67} 11. Nxe6 {391} fxe6
{143} 12. Rxe6 {223} Bd6 {100} 13. Bg5 {197} Rde8 {88} 14. Qe2 {81} Kd7 {84}
15. Re1 {757} Qxe1+ {143} 16. Nxe1 {110} Rxe6 {15} 17. Qg4 {118} Rhe8 {342} 18.
Nd3 {284} h6 {705} 19. Bf4 {219} Kd8 {353} 20. f3 {421} Bxf4 {767} 21. Nxf4 {
238} Re1+ {158} 22. Kf2 {6} g5 {93} 23. Nd3 {455} R1e2+ {829} 24. Kg3 {53} Rxc2
{100} 25. Nb4 {159} Rd2 {349} 26. Nxc6+ {288} bxc6 {28} 27. Qf5 {59} Rxb2 {231}
28. Qf6+ {54} Kc8 {68} 29. Qxd4 {29} Ree2 {41} 30. f4 {619} Rxg2+ {150} 31. Kf3
{38} Rgf2+ {114} 32. Kg3 {219} gxf4+ {56} 33. Kg4 {13} Rxh2 {162} 34. Qxa7 {303
} Rxa2 {125} 35. Qc5 {26} Rhc2 {70} 36. Qf8+ {76} Kb7 {31} 37. Qb4+ {118} Ka6 {
42} 38. Qxf4 {59} Rg2+ {87} 39. Kh5 {49} Rh2+ {44} 40. Kg6 {31} Rhc2 {128} 41.
Qxc7 {172} c5 {246} 42. Qc6+ {225} Ka5 {22} 43. Qa8+ {56} Kb4 {204} 44. Qb7+ {
44} Kc4 {443} 45. Qe4+ {392} Kc3 {131} 46. Qf3+ {60} Kb2 {263} 47. Qb7+ {38}
Kc1 {111} 48. Qh1+ {33} Kd2 {23} 49. Qg2+ {186} Kc3 {184} 50. Qf3+ {55} Kd4 {
105} 51. Qf4+ {252} Kd5 {21} 52. Qf5+ {116} Kd6 {61} 53. Qf6+ {291} Kc7 {15}
54. Qf7+ {283} Kb6 {34} 55. Qe6+ {100} Ka5 {37} 56. Qc8 {140} c4 {69} 57. Qa8+
{85} Kb4 {62} 58. Qb7+ {19} Ka3 {39} 59. Qa8+ {35} Kb2 {57} 60. Qb7+ {30} Kc3 {
29} 61. Qg7+ {168} Kd3 {42} 62. Qd7+ {14} Ke2 {27} 63. Qe6+ {44} Kd1 {26} 64.
Qd5+ {88} Kc1 {58} 65. Qh1+ {31} Kb2 {12} 66. Qb7+ {38} 1-0

[Event "Championnat de France Alpe d'Huez 2023 "]
[Site "ALPE D'HUEZ, France"]
[Date "2023.08.22"]
[Round "4.18"]
[White "LARA-GOLLIOT, Celian"]
[Black "EL KAROUI, Noe"]
[Result "1/2-1/2"]
[ECO "D72"]
[WhiteElo "1445"]
[BlackElo "1500"]
[PlyCount "99"]
[EventDate "2023.08.??"]
[TimeControl "1/40+30:0"]

1. d4 {1} Nf6 {3} 2. c4 {3} g6 {4} 3. g3 {2} Bg7 {15} 4. Bg2 {5} d5 {13} 5.
cxd5 {22} Nxd5 {8} 6. e4 {7} Nb6 {61} 7. Ne2 {6} O-O {8} 8. O-O {25} Re8 {202}
9. Nbc3 {118} e5 {121} 10. dxe5 {27} Bxe5 {39} 11. Bf4 {42} Bxf4 {73} 12. Nxf4
{89} c6 {110} 13. Qxd8 {77} Rxd8 {6} 14. Rad1 {18} Re8 {101} 15. Rd4 {211} N8d7
{38} 16. Rfd1 {132} Ne5 {176} 17. b3 {952} Bg4 {109} 18. R1d2 {125} Nf3+ {122}
19. Bxf3 {3} Bxf3 {8} 20. Nd3 {460} Rad8 {102} 21. Nc5 {331} Rxd4 {111} 22.
Rxd4 {6} Nd5 {20} 23. Rd3 {116} Nxc3 {84} 24. Rxc3 {15} Bxe4 {158} 25. Re3 {190
} f5 {7} 26. Nxb7 {110} Re7 {165} 27. Nc5 {181} Re5 {6} 28. b4 {88} a5 {221}
29. a3 {104} axb4 {45} 30. axb4 {5} Rd5 {38} 31. Nxe4 {9} fxe4 {5} 32. Rxe4 {4}
Kf7 {7} 33. Kf1 {32} Rb5 {11} 34. Ke2 {45} c5 {5} 35. bxc5 {30} Rxc5 {4} 36.
Rd4 {10} Kf6 {15} 37. Ke3 {42} Kf5 {132} 38. Rf4+ {49} Ke5 {14} 39. Rf7 {57} h5
{20} 40. Rd7 {24} Kf5 {83} 41. Rf7+ {65} Kg4 {42} 42. h4 {283} Rc6 {112} 43.
Rf4+ {567} Kh3 {8} 44. Kd4 {141} Re6 {26} 45. Kd3 {119} Kg2 {20} 46. Rf7 {53}
Kh3 {41} 47. Rf4 {28} Kg2 {6} 48. Rf7 {8} Kh3 {5} 49. Rf4 {6} Kg2 {6} 50. Rf7 {
19} 1/2-1/2

[Event "Championnat de France Alpe d'Huez 2023 "]
[Site "ALPE D'HUEZ, France"]
[Date "2023.08.22"]
[Round "4.19"]
[White "DECOTTE, Thomas"]
[Black "ASSOUANE, Aksel"]
[Result "1/2-1/2"]
[ECO "A56"]
[WhiteElo "1496"]
[BlackElo "1395"]
[PlyCount "52"]
[EventDate "2023.08.??"]
[TimeControl "1/40+30:0"]

1. d4 {13} Nf6 {49} 2. c4 {0} c5 {4} 3. e3 {22} cxd4 {124} 4. exd4 {13} g6 {90}
5. Nf3 {31} Bg7 {51} 6. Nc3 {35} d5 {34} 7. Bg5 {165} Ne4 {429} 8. cxd5 {294}
Nxc3 {127} 9. bxc3 {9} Qxd5 {15} 10. Bd3 {156} O-O {680} 11. Bf4 {131} Qa5 {128
} 12. Qd2 {61} Nc6 {63} 13. O-O {42} e5 {549} 14. Bh6 {153} exd4 {175} 15. Bxg7
{26} Kxg7 {14} 16. cxd4 {173} Qxd2 {36} 17. Nxd2 {5} Nxd4 {15} 18. Rac1 {56}
Rd8 {296} 19. Rfe1 {255} Nc6 {147} 20. Rc3 {14} Nb4 {49} 21. Rc7 {599} Rxd3 {21
} 22. Ree7 {6} Be6 {11} 23. Rxe6 {31} Rxd2 {5} 24. Re1 {13} Re8 {25} 25. Rb1 {
98} Rb2 {60} 26. Rd1 {86} Nd3 {49} 1/2-1/2